TOP OF THE 1ST |
West Virginia Mountaineers batting - Pitching for Oklahoma Sooners : RHP Ryan Thompson
|
Pitching: RHP Ryan Thompson
|
|
Batting: RHB Howard Gould
|
0-0: Bunt for hit - play at first, batter safe!
|
Batting: RHB Drew Logan
|
0-0: Foul Ball, location: 2F 0-1: Ball 1-1: Ground out 5-3 (Groundball, 56S) Howard Gould to second
|
Batting: RHB José Vázquez
|
0-0: Ball 1-0: Called Strike 1-1: Fly out, F6 (Line Drive, 6D)
|
Batting: RHB Gary Stephenson
|
0-0: Called Strike 0-1: Swinging Strike 0-2: Strikes out swinging
|
Top of the 1st over - 0 run(s), 1 hit(s), 0 error(s), 1 left on base; West Virginia 0 - Oklahoma 0 |
BOTTOM OF THE 1ST |
Oklahoma Sooners batting - Pitching for West Virginia Mountaineers : RHP Jason MacKnight
|
Pitching: RHP Jason MacKnight
|
|
Batting: SHB Ryan Holcomb
|
0-0: Ball 1-0: Foul Ball, location: 2F 1-1: Bunt missed! 1-2: Foul Ball, location: 2F 1-2: DOUBLE (Line Drive, 78M)
|
Batting: RHB José Ramos
|
0-0: SINGLE (Flyball, 89M) Ryan Holcomb to third Runner from 3rd tries for Home, SAFE, no throw or cutoff
|
Batting: SHB César Álvarez
|
0-0: Called Strike José Ramos is caught stealing 2nd base 0-1: Ball 1-1: Swinging Strike 1-2: Ball 2-2: Strikes out swinging
|
Batting: SHB Donald Reed
|
0-0: Ball 1-0: Called Strike 1-1: Ball 2-1: Ground out 4-3 (Groundball, 4)
|
Bottom of the 1st over - 1 run(s), 2 hit(s), 0 error(s), 0 left on base; West Virginia 0 - Oklahoma 1 |
TOP OF THE 2ND |
West Virginia Mountaineers batting - Pitching for Oklahoma Sooners : RHP Ryan Thompson
|
Batting: LHB Paco Córdova
|
0-0: Ball 1-0: Ball 2-0: Foul Ball, location: 2F 2-1: Ball 3-1: Foul Ball, location: 2F 3-2: Foul Ball, location: 2F 3-2: Base on Balls
|
Batting: SHB Jonathan Woodard
|
0-0: Called Strike 0-1: Swinging Strike 0-2: Ball 1-2: Foul Ball, location: 2F 1-2: Strikes out swinging
|
Batting: RHB Greg Smith
|
0-0: Ball 1-0: Foul Ball, location: 2F 1-1: Ball 2-1: Fly out, F8 (Flyball, 8RM)
|
Batting: RHB Jim Williams
|
0-0: Ball 1-0: Ball 2-0: Called Strike 2-1: Fly out, F7 (Line Drive, 7M)
|
Top of the 2nd over - 0 run(s), 0 hit(s), 0 error(s), 1 left on base; West Virginia 0 - Oklahoma 1 |
BOTTOM OF THE 2ND |
Oklahoma Sooners batting - Pitching for West Virginia Mountaineers : RHP Jason MacKnight
|
Batting: RHB Rafael Barajas
|
Single, Error in OF, E8, batter to second base
|
Batting: RHB Martín Rodríguez
|
0-0: Foul Ball, location: 2F 0-1: Ball 1-1: Swinging Strike 1-2: Ball 2-2: Strikes out swinging
|
Batting: RHB Scott Williams
|
0-0: Called Strike 0-1: Foul Ball, location: 2F 0-2: Foul Ball, location: 2F 0-2: SINGLE (Groundball, 56D) Rafael Barajas to third
|
Batting: LHB Tristan Sims
|
0-0: Called Strike 0-1: Foul Ball, location: 2F 0-2: Ball 1-2: Fielders Choice at 2nd, 3-6 (Groundball, 3) Rafael Barajas scores
|
Batting: RHB Sidney Boyd
|
0-0: Swinging Strike 0-1: Ball 1-1: Ball 2-1: Ball 3-1: Ground out 1-3 (Groundball, 13S)
|
Bottom of the 2nd over - 1 run(s), 2 hit(s), 1 error(s), 1 left on base; West Virginia 0 - Oklahoma 2 |
TOP OF THE 3RD |
West Virginia Mountaineers batting - Pitching for Oklahoma Sooners : RHP Ryan Thompson
|
Batting: RHB Alfonso Flores
|
0-0: Ground out 6-3 (Groundball, 6S)
|
Batting: RHB Howard Gould
|
0-0: Ball 1-0: Ball 2-0: Fly out, F6 (Popup, 8LS)
|
Batting: RHB Drew Logan
|
0-0: Fly out, F5 (Popup, 15S)
|
Top of the 3rd over - 0 run(s), 0 hit(s), 0 error(s), 0 left on base; West Virginia 0 - Oklahoma 2 |
BOTTOM OF THE 3RD |
Oklahoma Sooners batting - Pitching for West Virginia Mountaineers : RHP Jason MacKnight
|
Batting: SHB Ryan Holcomb
|
0-0: Ball 1-0: Ball 2-0: Ball 3-0: Base on Balls
|
Batting: RHB José Ramos
|
0-0: Called Strike 0-1: Ball 1-1: Grounds into double play, 6-4-3 (Groundball, 6)
|
Batting: SHB César Álvarez
|
0-0: Called Strike 0-1: Foul Ball, location: 2F 0-2: Strikes out looking
|
Bottom of the 3rd over - 0 run(s), 0 hit(s), 0 error(s), 0 left on base; West Virginia 0 - Oklahoma 2 |
TOP OF THE 4TH |
West Virginia Mountaineers batting - Pitching for Oklahoma Sooners : RHP Ryan Thompson
|
Batting: RHB José Vázquez
|
0-0: Ball 1-0: Foul Ball, location: 2F 1-1: Foul Ball, location: 2F 1-2: Strikes out swinging
|
Batting: RHB Gary Stephenson
|
0-0: Ball 1-0: Ball 2-0: Called Strike 2-1: Called Strike 2-2: Foul Ball, location: 2F 2-2: Strikes out looking
|
Batting: LHB Paco Córdova
|
0-0: Called Strike 0-1: Swinging Strike 0-2: Ball 1-2: Foul Ball, location: 2F 1-2: Ground out 6-3 (Groundball, 6M)
|
Top of the 4th over - 0 run(s), 0 hit(s), 0 error(s), 0 left on base; West Virginia 0 - Oklahoma 2 |
BOTTOM OF THE 4TH |
Oklahoma Sooners batting - Pitching for West Virginia Mountaineers : RHP Jason MacKnight
|
Batting: SHB Donald Reed
|
0-0: Fly out, F8 (Flyball, 8LM)
|
Batting: RHB Rafael Barajas
|
0-0: Ground out 5-3 (Groundball, 56)
|
Batting: RHB Martín Rodríguez
|
0-0: Ground out 3-1 (Groundball, 34)
|
Bottom of the 4th over - 0 run(s), 0 hit(s), 0 error(s), 0 left on base; West Virginia 0 - Oklahoma 2 |
TOP OF THE 5TH |
West Virginia Mountaineers batting - Pitching for Oklahoma Sooners : RHP Ryan Thompson
|
Batting: SHB Jonathan Woodard
|
0-0: Ball 1-0: Called Strike 1-1: Ball 2-1: Foul Ball, location: 2F 2-2: Strikes out swinging
|
Batting: RHB Greg Smith
|
0-0: Ball 1-0: SINGLE (Groundball, 5D)
|
Batting: RHB Jim Williams
|
0-0: Ball 1-0: Fly out, F8 (Flyball, 8RS)
|
Batting: RHB Alfonso Flores
|
0-0: Called Strike 0-1: Swinging Strike 0-2: SINGLE (Line Drive, 89S) Greg Smith to second Runner from 2nd tries for 3rd, SAFE, throw made to third
|
Batting: RHB Howard Gould
|
0-0: Ball 1-0: Foul Ball, location: 2F 1-1: Fly out, F9 (Line Drive, 9M)
|
Top of the 5th over - 0 run(s), 2 hit(s), 0 error(s), 2 left on base; West Virginia 0 - Oklahoma 2 |
BOTTOM OF THE 5TH |
Oklahoma Sooners batting - Pitching for West Virginia Mountaineers : RHP Jason MacKnight
|
Batting: RHB Scott Williams
|
0-0: Fly out, F3 (Popup, 2R)
|
Batting: LHB Tristan Sims
|
0-0: Foul Ball, location: 2F 0-1: DOUBLE (Line Drive, 78M)
|
Batting: RHB Sidney Boyd
|
0-0: Ball 1-0: Fly out, F3 (Popup, 3F)
|
Batting: SHB Ryan Holcomb
|
0-0: Ball 1-0: Foul Ball, location: 2F 1-1: Called Strike 1-2: Ball 2-2: Fly out, F6 (Popup, 6D)
|
Bottom of the 5th over - 0 run(s), 1 hit(s), 0 error(s), 1 left on base; West Virginia 0 - Oklahoma 2 |
TOP OF THE 6TH |
West Virginia Mountaineers batting - Pitching for Oklahoma Sooners : RHP Ryan Thompson
|
Batting: RHB Drew Logan
|
0-0: Foul Ball, location: 2F 0-1: Ball 1-1: Called Strike 1-2: Foul Ball, location: 2F 1-2: Foul Ball, location: 2F 1-2: Ground out 6-3 (Groundball, 56)
|
Batting: RHB José Vázquez
|
0-0: Ball 1-0: Ball 2-0: Ball 3-0: Base on Balls
|
Batting: RHB Gary Stephenson
|
0-0: Ball 1-0: Ball 2-0: Ball 3-0: Called Strike 3-1: Base on Balls José Vázquez to second
|
Pitching: RHP Edwin Cooper
|
|
Batting: LHB Paco Córdova
|
0-0: Called Strike 0-1: Ball 1-1: Ball 2-1: Ball 3-1: Foul Ball, location: 2F 3-2: Foul Ball, location: 2F 3-2: Base on Balls José Vázquez to third Gary Stephenson to second
|
Batting: SHB Jonathan Woodard
|
0-0: Called Strike 0-1: Ball 1-1: Fly out, F5 (Popup, 5SF)
|
Batting: RHB Greg Smith
|
0-0: Called Strike 0-1: Ball 1-1: Foul Ball, location: 2F 1-2: Ball 2-2: Fly out, F8 (Flyball, 8RM)
|
Top of the 6th over - 0 run(s), 0 hit(s), 0 error(s), 3 left on base; West Virginia 0 - Oklahoma 2 |
BOTTOM OF THE 6TH |
Oklahoma Sooners batting - Pitching for West Virginia Mountaineers : RHP Jason MacKnight
|
Batting: RHB José Ramos
|
0-0: Called Strike 0-1: Ball 1-1: Foul Ball, location: 2F 1-2: Ball 2-2: Foul Ball, location: 2F 2-2: Ground out 4-3 (Groundball, 4)
|
Batting: SHB César Álvarez
|
0-0: Ball 1-0: Swinging Strike 1-1: Called Strike 1-2: Ball 2-2: Ball 3-2: Strikes out swinging
|
Batting: SHB Donald Reed
|
0-0: Ball 1-0: Ball 2-0: Called Strike 2-1: Ground out 4-3 (Groundball, 4)
|
Bottom of the 6th over - 0 run(s), 0 hit(s), 0 error(s), 0 left on base; West Virginia 0 - Oklahoma 2 |
TOP OF THE 7TH |
West Virginia Mountaineers batting - Pitching for Oklahoma Sooners : RHP Edwin Cooper
|
Batting: RHB Jim Williams
|
0-0: Called Strike 0-1: Ball 1-1: Called Strike 1-2: Foul Ball, location: 2F 1-2: Ball 2-2: Ball 3-2: SINGLE (Line Drive, 7LM)
|
Batting: RHB Alfonso Flores
|
0-0: Ball 1-0: Ball 2-0: Called Strike 2-1: Ball 3-1: Called Strike 3-2: Foul Ball, location: 2F 3-2: Strikes out swinging
|
Batting: RHB Howard Gould
|
0-0: Ball 1-0: Foul Ball, location: 2F 1-1: Foul Ball, location: 2F 1-2: Ball 2-2: Grounds into double play, U6-3 (Groundball, 6M)
|
Top of the 7th over - 0 run(s), 1 hit(s), 0 error(s), 0 left on base; West Virginia 0 - Oklahoma 2 |
BOTTOM OF THE 7TH |
Oklahoma Sooners batting - Pitching for West Virginia Mountaineers : RHP Jason MacKnight
|
Batting: RHB Rafael Barajas
|
0-0: Called Strike 0-1: Ball 1-1: Hit by Pitch
|
Batting: RHB Martín Rodríguez
|
0-0: Ball 1-0: Bunted foul 1-1: Bunted foul 1-2: Grounds into double play, 5-4-3 (Groundball, 56)
|
Batting: RHB Scott Williams
|
0-0: Ball 1-0: Fly out, F8 (Flyball, 8LS)
|
Bottom of the 7th over - 0 run(s), 0 hit(s), 0 error(s), 0 left on base; West Virginia 0 - Oklahoma 2 |
TOP OF THE 8TH |
West Virginia Mountaineers batting - Pitching for Oklahoma Sooners : RHP Edwin Cooper
|
Now at 1B: Pat Odom
|
|
Batting: RHB Drew Logan
|
0-0: Ball 1-0: Called Strike 1-1: Swinging Strike 1-2: Foul Ball, location: 2F 1-2: Strikes out swinging
|
Pitching: RHP Valentín Pérez
|
|
Batting: RHB José Vázquez
|
0-0: Called Strike 0-1: Foul Ball, location: 2F 0-2: Ball 1-2: Strikes out swinging
|
Batting: RHB Gary Stephenson
|
0-0: Ball 1-0: Swinging Strike 1-1: Ball 2-1: Swinging Strike 2-2: Foul Ball, location: 2F 2-2: Foul Ball, location: 2F 2-2: Strikes out swinging
|
Top of the 8th over - 0 run(s), 0 hit(s), 0 error(s), 0 left on base; West Virginia 0 - Oklahoma 2 |
BOTTOM OF THE 8TH |
Oklahoma Sooners batting - Pitching for West Virginia Mountaineers : RHP Jason MacKnight
|
Pitching: LHP Will Merritt
|
|
Batting: LHB Tristan Sims
|
0-0: Ball 1-0: Foul Ball, location: 2F 1-1: Called Strike 1-2: Strikes out swinging
|
Batting: RHB Sidney Boyd
|
0-0: Ball 1-0: Fly out, F4 (Popup, 34D)
|
Batting: SHB Ryan Holcomb
|
0-0: Ground out 2-3 (Groundball, 23)
|
Bottom of the 8th over - 0 run(s), 0 hit(s), 0 error(s), 0 left on base; West Virginia 0 - Oklahoma 2 |
TOP OF THE 9TH |
West Virginia Mountaineers batting - Pitching for Oklahoma Sooners : RHP Valentín Pérez
|
Pitching: RHP Tom Evans
|
|
Batting: LHB Paco Córdova
|
0-0: Ball 1-0: Ball 2-0: Foul Ball, location: 2F 2-1: SINGLE (Line Drive, 4M)
|
Batting: SHB Jonathan Woodard
|
0-0: SINGLE (Groundball, 34D) Paco Córdova to second Runner from 2nd tries for 3rd, SAFE, throw made to third
|
Batting: RHB Greg Smith
|
0-0: Ball 1-0: Foul Ball, location: 2F 1-1: Called Strike 1-2: Ball 2-2: Ball 3-2: Strikes out swinging
|
Batting: RHB Jim Williams
|
0-0: Ball 1-0: Foul Ball, location: 2F 1-1: Called Strike 1-2: Strikes out swinging
|
Batting: RHB Alfonso Flores
|
0-0: Called Strike 0-1: Ball 1-1: Ground out 5-3 (Groundball, 56S)
|
Top of the 9th over - 0 run(s), 2 hit(s), 0 error(s), 2 left on base; West Virginia 0 - Oklahoma 2 |
|